 Dungeon Crawl Stone Soup version 0.29-a0-1014-ga8c0faee3b (webtiles) character file.

Game seed: 3799184113578715984

196 Ijustatesigmund the Magician (level 5, 0/49 HPs)
             Began as an Octopode Earth Elementalist on Aug 9, 2022.
             Slain by Dowan
             ... wielding a +0 dagger
              (4 damage)
             ... on level 4 of the Dungeon.
             The game lasted 00:06:36 (4917 turns).

Ijustatesigmund the Magician (OpEE)                 Turns: 4917, Time: 00:06:37

Health: 0/49       AC:  1    Str:  7    XL:     5   Next: 74%
Magic:  5/10       EV: 13    Int: 20    God:
Gold:   225        SH:  0    Dex: 12    Spells: 5/11 levels left

rFire   . . .      SeeInvis .   c - +2 dagger (venom)
rCold   . . .      Faith    .   (no shield)
rNeg    . . .      Spirit   .   (helmet restricted)
rPois   .          Reflect  .   (no amulet)
rElec   .          Harm     .   (no ring)
rCorr   .          Rampage  .   (no ring)
Will    .....                   (no ring)
Stlth   ..........              (no ring)
HPRegen 0.16/turn               (no ring)
MPRegen 0.12/turn               (no ring)
                                (no ring)
                                (no ring)

@: berserking, very quick
A: almost no armour, amphibious, 8 rings, camouflage 1, gelatinous body 1,
(nimble swimmer 1), tentacles
a: no special abilities


You were on level 4 of the Dungeon.
You visited 1 branch of the dungeon, and saw 4 of its levels.

You collected 225 gold pieces.

Inventory:

Hand Weapons
 c - a +2 dagger of venom (weapon)
Missiles
 b - 3 boomerangs of dispersal
Jewellery
 e - a ring of fire
Wands
 g - a wand of roots (20)
Scrolls
 f - 4 scrolls of identify
 l - a scroll of teleportation
Potions
 a - a potion of magic
 d - a potion of flight
 h - a potion of lignification
 k - a potion of curing {unknown}
 m - a potion of might {unknown}


   Skills:
 - Level 1.0 Fighting
 - Level 2.0 Dodging
 - Level 2.6 Stealth
 + Level 3.9 Spellcasting
 + Level 2.8 Conjurations
 - Level 1.0 Transmutations
 - Level 3.5 Earth Magic


You had 5 spell levels left.
You knew the following spells:

 Your Spells              Type           Power      Damage    Failure   Level
a - Sandblast             Erth           36%        2d10      3%          1
b - Stone Arrow           Conj/Erth      32%        3d9       11%         3
c - Passwall              Tmut/Erth      10%        N/A       8%          2

Your spell library contained the following spells:

 Spells                   Type           Power      Damage    Failure   Level
 Portal Projectile        Hex/Tloc       6%         N/A       36%         3
 Tukima's Dance           Hex            3%         N/A       36%         3
 Petrify                  Tmut/Erth      13%        N/A       45%         4
 Blade Hands              Tmut           3%         N/A       94%         5


Dungeon Overview and Level Annotations

Branches:
Dungeon (4/15)
 Temple: D:4-7

Altars:
Ashenzari
Ru
Zin

Annotations:
D:4 Dowan, Duvessa


Innate Abilities, Weirdness & Mutations

You cannot wear most types of armour.
You are amphibious.
You can wear up to eight rings at the same time.
Your skin changes colour to match your surroundings (Stealth+).
Your rubbery body absorbs attacks. (AC +1, EV +1)
((You are camouflaged when in or above water. (Stealth+)))
You have tentacles for arms and can constrict up to eight enemies at once.


Message History

You constrict Duvessa, but do no damage.
You constrict Dowan. The adder barely misses you. Duvessa closely misses you.
Dowan hits you with a +0 dagger.
You miss the adder. Your grab misses the adder.
You constrict Duvessa, but do no damage.
You constrict Dowan, but do no damage. The adder closely misses you.
Duvessa barely misses you. Dowan casts a spell at you.
You resist with some effort.
Unknown command.
Casting: Stone Arrow (quite dangerous; 11% risk of failure)
Confirm with . or Enter, or press ? or * to list all spells.
The spell is quite dangerous to miscast (11% risk of failure)!
Continue anyway?
Aiming: Stone Arrow (quite dangerous; 11% risk of failure)
Press: ? - help, Shift-Dir - straight line, f - adder, p - Duvessa
Aim: an adder (48% to hit)
The stone arrow misses the adder.
You constrict Duvessa, but do no damage.
You constrict Dowan. The adder bites you.
Duvessa hits you with a +0 short sword! Dowan hits you with a +0 dagger.
* * * LOW HITPOINT WARNING * * *
The adder closely misses you.
You feel much better.
You constrict Duvessa. You constrict Dowan, but do no damage.
The adder bites you. Duvessa hits you with a +0 short sword!
Dowan hits you with a +0 dagger.
* * * LOW HITPOINT WARNING * * *
A red film seems to cover your vision as you go berserk!
You feel yourself moving faster!
You feel mighty!
You constrict Duvessa. You constrict Dowan.
The adder bites you but does no damage. Duvessa closely misses you.
Dowan hits you with a +0 dagger.
* * * LOW HITPOINT WARNING * * *
You hit Duvessa.
Duvessa looks as sick as possible!
You squeeze Duvessa!
Duvessa is almost dead.
You constrict Duvessa, but do no damage.
You constrict Dowan. The adder bites you.
* * * LOW HITPOINT WARNING * * *
Duvessa hits you with a +0 short sword.
* * * LOW HITPOINT WARNING * * *
Dowan hits you with a +0 dagger.
You die...

.. ## # #.. ..## ##
#. .... ...<# ># ..
.##.... ..)..###.##
... ..#..##
..........##..#
......#.
..........#....#
........
......eSe........
<..#
.......@.........
##......
.................
........
.................
......#.
.....#...........
##.....#
....##........## #
....## ..#.
#.........# . ..##
#......##.....### ..
.#
......##.......##.
.. .#
..##.........##.....


You could see Duvessa (extremely poisoned), Dowan (very poisoned) and an adder.

Vanquished Creatures
  Robin (D:2)
  9 adders
  2 worms
  2 dart slugs
  4 ball pythons (D:2)
  8 endoplasms
  6 giant cockroaches
  14 goblins
  10 hobgoblins
  9 jackals
  6 kobolds
  3 quokkas
  6 bats
  A frilled lizard (D:2)
  3 rats
84 creatures vanquished.

Notes
Turn   | Place    | Note
-------+----------+-------------------------------------------
     0 | D:1      | Ijustatesigmund the Octopode Earth Elementalist began the
                  | quest for the Orb.
     0 | D:1      | Reached XP level 1. HP: 11/11 MP: 3/3
   388 | D:1      | Found a faded altar of an unknown god.
   398 | D:1      | Reached XP level 2. HP: 17/17 MP: 0/5
  1252 | D:1      | Reached XP level 3. HP: 17/21 MP: 4/6
  1256 | D:1      | Learned a level 3 spell: Stone Arrow
  1259 | D:1      | Learned a level 2 spell: Passwall
  1764 | D:2      | Reached skill level 1 in Fighting
  1905 | D:2      | Reached skill level 1 in Conjurations
  1933 | D:2      | Reached XP level 4. HP: 28/28 MP: 6/8
  2427 | D:2      | Noticed Robin
  2433 | D:2      | Killed Robin
  2688 | D:2      | Reached XP level 5. HP: 20/33 MP: 5/10
  3780 | D:3      | Found a sacrificial altar of Ru.
  4199 | D:3      | Found a glowing silver altar of Zin.
  4219 | D:3      | Found a broken altar of Ashenzari.
  4902 | D:4      | Noticed Dowan
  4904 | D:4      | Noticed Duvessa
  4917 | D:4      | Slain by Dowan

Illustrated notes

Levels and vault maps discovered:
D:1:      dpeg_arrival_arbitrary_a, layout_basic, ebering_ecumenical_altar_mist
D:2:      layout_rooms, serial_co_window_serial, co_window_paths_a,
          co_window_paths_a, co_window_corner_a, co_window_corner_a,
          co_window_corner_a, co_window_broadway_c, co_window_paths_c,
          co_window_of_opportunity_c, co_window_4corner_b, co_window_paths_e,
          glass_columns_b, glass_columns_c, glass_columns_c, uniq_robin
D:3:      layout_basic, mainiacjoe_overflow_surrounded_room,
          mainiacjoe_overflow_swirl, hex_medium
D:4:      layout_cave_pools, uniq_duvessa, uniq_eustachio

Skill      XL: |  1  2  3  4 |
---------------+-------------+-----
Fighting       | 1 |  1.0
Conjurations   | 1 2 |  2.8
Spellcasting   | 3 |  3.9
Dodging        | |  2.0
Stealth        | |  2.6
Transmutations | |  1.0
Earth Magic    | |  3.5

Action                   |  1- 3 |  4- 6 || total
-------------------------+-------+-------++-------
Melee: Unarmed           |     8 |       ||     8
       Short sword       |    19 |    23 ||    42
       Tentacles         |     6 |     6 ||    12
       Constrict         |     5 |    12 ||    17
       Dagger            |       |     7 ||     7
 Cast: Sandblast         |    34 |    57 ||    91
       Stone Arrow       |       |     2 ||     2
  Use: Scroll            |       |    13 ||    13
       Potion            |       |     2 ||     2
 Stab: Sleeping          |     1 |     2 ||     3
Armor: Skin              |     3 |     8 ||    11
Dodge: Dodged            |    26 |    51 ||    77

Table legend: (Time is in decaauts)
 A = Elapsed time spent in this place.
 B = Non-inter-level travel time spent in this place.
 C = Inter-level travel time spent in this place.
 D = Time resting spent in this place.
 E = Time spent auto-exploring this place.
 F = Levels seen in this place.
 G = Mean time per level.
                   A        B        C        D        E       F      G
               +--------+--------+--------+--------+--------+-----+--------+
         Total |   5010 |   4828 |    182 |   1127 |   3183 |   4 | 1252.5 |
       Dungeon |   5010 |   4828 |    182 |   1127 |   3183 |   4 | 1252.5 |
               +--------+--------+--------+--------+--------+-----+--------+

Top non-repeatable levels by time:
     D:2: 1791 daAuts
     D:1: 1736 daAuts
     D:3: 1187 daAuts
     D:4: 295 daAuts
